Map: Dusk Towers

Players

State - Winner!

  • Race: Protoss Protoss
  • League: Grandmaster

임재현

  • Race: Protoss Protoss
  • League: Grandmaster

VOD

Have the link to the VOD?

Description

Time

  • Played on: Dec. 28, 2015, 2:40 a.m.
  • Length: 15:28
Show
View Real Time Build Order
Export as new Build Order

State Protoss - Winner!

Build Orders: Nexus First, Phoenix Opening 

Get SALT Encoding   

  12  0:01  Probe (Chrono Boost)  
  13  0:13  Probe (Chrono Boost)  
  14  0:18  Pylon  
  14  0:23  Probe (Chrono Boost)  
  15  0:36  Probe (Chrono Boost)  
  16  0:47  Probe (Chrono Boost)  
  17  0:57  Nexus  
  17  1:08  Gateway  
  17  1:10  Probe (Chrono Boost)  
  18  1:17  Assimilator  
  18  1:21  Probe (Chrono Boost)  
  18  1:24  Assimilator  
  19  1:31  Probe (Chrono Boost)  
  20  1:43  Gateway  
  20  1:46  Probe (Chrono Boost)  
  21  1:55  Cybernetics Core  
  21  1:56  Probe (Chrono Boost)  
  22  2:07  Probe (Chrono Boost)  
  23  2:10  Probe (Chrono Boost)  
  24  2:18  Probe (Chrono Boost)  
  24  2:20  Probe (Chrono Boost)  
  26  2:28  Probe (Chrono Boost)  
  27  2:31  Stargate  
  27  2:32  Probe (Chrono Boost)  
  28  2:38  Probe (Chrono Boost), Adept (Chrono Boost)  
  28  2:39  Adept (Chrono Boost)  
  28  2:43  Probe  
  34  2:47  Pylon  
  34  2:50  Probe  
  34  2:51  Warp Gate (Chrono Boost)  
  35  2:55  Probe  
  36  3:03  Gateway  
  37  3:10  Probe  
  37  3:11  Mothership Core (Chrono Boost)  
  38  3:22  Probe (Chrono Boost)  
  38  3:28  Assimilator  
  38  3:32  Probe (Chrono Boost), Assimilator  
  38  3:33  Phoenix (Chrono Boost)  
  41  3:35  Probe (Chrono Boost)  
  41  3:43  Probe  
  41  3:47  Pylon  
  43  3:56  Probe x2  
  43  4:01  Robotics Facility  
  44  4:05  Phoenix (Chrono Boost)  
  44  4:07  Probe  
  44  4:08  Probe  
  48  4:18  Pylon  
  48  4:19  Probe  
  48  4:20  Probe  
  50  4:29  Pylon  
  50  4:31  Probe  
  51  4:32  Probe  
  51  4:36  Phoenix  
  52  4:43  Probe  
  52  4:44  Probe  
  56  4:53  Observer  
  56  4:58  Phoenix  
  53  5:00  Forge  
  53  5:01  Pylon  
  53  5:03  Pylon  
  53  5:06  Zealot  
  57  5:07  Probe, Zealot  
  57  5:09  Pylon  
  60  5:20  Twilight Council, Phoenix  
  64  5:21  Immortal  
  64  5:27  Gateway  
  66  5:33  Probe  
  67  5:37  Protoss Ground Weapons Level 1  
  67  5:41  Phoenix  
  67  5:47  Probe x2  
  68  5:51  Adept x3  
  73  5:59  Probe x2  
  74  6:11  Charge (Chrono Boost)  
  72  6:14  Probe  
  74  6:22  Adept  
  74  6:23  Probe, Adept  
  77  6:27  Probe  
  74  6:40  Probe  
  76  6:48  Nexus  
  76  6:50  Probe  
  76  6:52  Probe  
  77  6:58  Immortal (Chrono Boost)  
  77  7:03  Probe  
  77  7:04  Probe  
  83  7:15  Probe  
  84  7:16  Probe  
  84  7:18  Pylon  
  84  7:21  Pylon  
  85  7:24  Pylon  
  85  7:29  Probe  
  86  7:31  Templar Archives  
  86  7:36  Probe  
  87  7:41  Probe  
  87  7:43  Protoss Ground Weapons Level 2 (Chrono Boost)  
  83  7:46  Stalker x3  
  83  7:48  Probe  
  90  7:53  Probe  
  91  7:59  Zealot  
  91  8:00  Immortal, Probe  
  91  8:05  Probe  
  88  8:10  Zealot x2  
  82  8:18  Mothership Core, Zealot  
  76  8:21  Zealot  
  70  8:30  Probe  
  70  8:31  Zealot x2  
  70  8:32  Probe  
  64  8:41  Probe x2  
  55  8:54  Sentry  
  55  8:55  Sentry x2  
  60  8:59  Probe  
  60  9:02  Probe  
  61  9:03  Probe  
  61  9:09  Immortal, High Templar  
  69  9:17  Probe  
  69  9:20  High Templar  
  69  9:22  High Templar x2  
  76  9:25  Probe, Archon  
  76  9:26  Probe  
  76  9:29  Archon  
  76  9:30  Probe  
  79  9:36  Assimilator  
  79  9:38  Probe x2  
  80  9:40  Assimilator  
  80  9:42  Probe  
  80  9:43  Immortal  
  82  9:50  Probe  
  88  9:53  Zealot x2  
  88  9:55  Probe x2  
  93  10:03  Probe  
  94  10:07  Probe x2  
  94  10:12  Zealot x2  
  100  10:15  Probe  
  100  10:16  Protoss Ground Weapons Level 3 (Chrono Boost)  
  100  10:19  Probe  
  100  10:28  Nexus  
  100  10:30  Immortal  
  104  10:42  Dark Shrine  
  104  10:51  Pylon  
  104  10:52  Pylon  
  104  10:54  High Templar x4  
  112  10:58  Photon Cannon  
  112  11:00  Photon Cannon  
  112  11:01  Archon x2  
  112  11:05  Warp Prism  
  112  11:06  Photon Cannon  
  114  11:14  Photon Cannon  
  114  11:32  Probe x2  
  116  11:34  Probe  
  117  11:41  Gateway  
  117  11:42  Gateway  
  117  11:44  Probe  
  117  11:45  Gateway  
  120  11:49  Stalker x3  
  120  11:50  Blink  
  120  11:53  Probe  
  120  11:54  Probe x2  
  125  11:56  Probe  
  122  12:03  Probe  
  122  12:06  Probe x2, Warp Prism  
  125  12:09  Probe  
  128  12:18  Probe  
  128  12:21  Probe  
  132  12:29  Stalker  
  132  12:30  Stalker x2  
  132  12:32  Probe x2  
  132  12:34  Dark Templar  
  136  12:38  Probe  
  136  12:44  Probe  
  140  12:46  Dark Templar, Gateway  
  140  12:47  Sentry, Dark Templar, Gateway  
  140  12:50  Dark Templar x3  
  144  12:51  Probe  
  145  13:01  Pylon  
  145  13:02  Pylon  
  145  13:03  Probe x2  
  145  13:04  Pylon  
  147  13:08  Protoss Shields Level 1 (Chrono Boost)  
  147  13:17  Dark Templar x2  
  147  13:18  Dark Templar x2  
  143  13:22  High Templar  
  143  13:23  Probe, Zealot, High Templar  
  143  13:24  Probe  
  143  13:25  Probe  
  143  13:26  Probe  
  115  13:35  Probe  
  115  13:37  Archon  
  115  13:39  Probe x2  
  108  13:43  Assimilator  
  108  13:44  Zealot, Assimilator  
  108  13:49  Immortal  
  108  13:50  High Templar x2  
  108  13:51  High Templar x2  
  108  13:54  Gateway  
  120  13:55  Archon  
  120  13:56  Archon  
  120  13:59  High Templar  
  120  14:00  High Templar  
  124  14:04  Archon  
  124  14:07  Nexus  
  124  14:14  Zealot, High Templar x2  
  124  14:15  Photon Cannon  
  130  14:27  Archon  
  130  14:28  Zealot x4  
  138  14:32  Gateway  
  138  14:33  Gateway  
  138  14:37  Zealot x3  
  139  14:49  Dark Templar  
  139  14:50  Dark Templar x2  
  139  14:52  High Templar  
  147  14:53  Zealot, High Templar  
  147  14:57  Archon  
  151  15:06  Zealot x3  
  121  15:18  Zealot  
  111  15:26  Zealot x7  
Show
View Real Time Build Order
Export as new Build Order

임재현 Protoss 

Build Orders: 1 Gate Expand 

Get SALT Encoding   

  12  0:02  Probe (Chrono Boost)  
  13  0:12  Probe (Chrono Boost)  
  14  0:22  Pylon  
  14  0:23  Probe (Chrono Boost)  
  15  0:40  Probe (Chrono Boost)  
  15  0:42  Gateway  
  16  0:51  Probe (Chrono Boost)  
  17  1:01  Probe (Chrono Boost)  
  18  1:12  Probe (Chrono Boost)  
  18  1:16  Nexus  
  19  1:26  Assimilator  
  19  1:29  Cybernetics Core  
  19  1:32  Probe (Chrono Boost)  
  20  1:36  Assimilator  
  20  1:43  Probe (Chrono Boost)  
  21  1:49  Pylon  
  21  1:53  Probe (Chrono Boost)  
  22  2:04  Probe (Chrono Boost)  
  22  2:07  Warp Gate (Chrono Boost)  
  23  2:09  Adept  
  23  2:14  Probe (Chrono Boost)  
  26  2:22  Gateway  
  26  2:25  Probe (Chrono Boost)  
  26  2:27  Probe (Chrono Boost)  
  28  2:36  Probe  
  29  2:37  Probe  
  29  2:44  Pylon  
  31  2:56  Probe  
  31  2:57  Mothership Core  
  33  3:00  Adept  
  35  3:06  Probe  
  36  3:17  Probe  
  36  3:18  Probe  
  38  3:23  Pylon  
  38  3:29  Probe  
  38  3:30  Probe  
  38  3:36  Robotics Facility  
  38  3:40  Probe  
  38  3:42  Probe  
  38  3:44  Pylon  
  38  3:47  Pylon  
  42  3:50  Probe  
  42  3:54  Probe  
  42  3:59  Stalker  
  42  4:00  Stalker, Gateway  
  46  4:04  Gateway  
  46  4:06  Pylon  
  46  4:08  Probe  
  46  4:09  Probe  
  48  4:13  Pylon  
  48  4:18  Probe  
  48  4:21  Probe  
  48  4:22  Warp Prism (Chrono Boost)  
  52  4:26  Adept  
  52  4:29  Adept  
  54  4:47  Probe  
  54  4:48  Probe  
  53  4:55  Immortal (Chrono Boost)  
  57  5:00  Assimilator  
  57  5:02  Assimilator  
  57  5:03  Robotics Bay  
  57  5:06  Stalker x4  
  65  5:11  Twilight Council  
  65  5:29  Probe, Adept x3  
  65  5:30  Probe, Adept  
  75  5:40  Probe  
  72  5:42  Probe  
  72  5:50  Probe, Adept x3  
  72  5:51  Adept  
  81  6:01  Blink  
  71  6:11  Probe  
  66  6:20  Probe  
  67  6:30  Nexus  
  65  6:33  Stalker  
  65  6:34  Stalker x3  
  65  6:35  Gravitic Drive (Chrono Boost)  
  65  6:36  Probe  
  65  6:39  Pylon  
  72  6:42  Pylon  
  72  6:54  Forge  
  72  6:57  Adept x3  
  72  6:58  Adept  
  81  7:09  Immortal  
  84  7:20  Stalker x3  
  90  7:26  Stalker  
  85  7:45  Probe  
  85  7:46  Probe x2  
  81  7:58  Probe x2, Adept  
  81  7:59  Adept x3  
  87  8:15  Probe  
  87  8:16  Probe  
  87  8:17  Probe  
  78  8:20  Stalker  
  78  8:21  Stalker x2  
  76  8:28  Adept  
  76  8:29  Probe x2  
  72  8:38  Probe  
  72  8:41  Probe x2  
  69  8:47  Warp Prism (Chrono Boost)  
  69  8:49  Probe (Chrono Boost)  
  69  8:53  Probe x2 (Chrono Boost)  
  66  9:00  Probe (Chrono Boost)  
  66  9:02  Stalker x2  
  69  9:03  Probe (Chrono Boost)  
  69  9:04  Probe (Chrono Boost)  
  69  9:09  Probe (Chrono Boost)  
  73  9:13  Probe, Protoss Ground Weapons Level 1  
  73  9:15  Probe  
  76  9:18  Assimilator  
  76  9:19  Assimilator  
  76  9:22  Observer (Chrono Boost)  
  77  9:28  Stalker x2  
  79  9:32  Stalker  
  81  9:41  Immortal (Chrono Boost)  
  81  9:44  Pylon  
  85  9:49  Stalker  
  87  9:59  Stalker  
  84  10:00  Stalker  
  84  10:27  Stalker x4, Immortal (Chrono Boost)  
  84  10:28  Probe  
  93  10:33  Gateway  
  93  10:34  Gateway  
  93  10:36  Gateway, Pylon  
  93  10:41  Resonating Glaives (Chrono Boost)  
  93  10:49  Templar Archives  
  93  10:52  Pylon  
  93  10:53  Adept x3  
  99  10:57  Adept  
  101  11:14  Adept x2  
  101  11:15  Adept x2  
  102  11:36  Adept x4  
  109  11:40  Observer  
  109  11:41  Probe  
  111  11:49  Adept x2  
  111  11:51  Adept  
  111  11:52  Probe  
  111  11:54  Pylon  
  110  12:01  High Templar x2  
  110  12:02  High Templar  
  110  12:03  High Templar  
  110  12:05  Charge (Chrono Boost)  
  118  12:10  Archon x2  
  118  12:14  Nexus  
  118  12:16  Pylon  
  118  12:27  Immortal (Chrono Boost)  
  122  12:36  High Templar x4  
  124  12:37  Zealot x3  
  124  12:40  Archon  
  124  12:41  Archon  
  128  12:50  Pylon  
  128  12:52  Pylon  
  128  12:53  Robotics Facility  
  128  12:54  Pylon  
  128  13:02  High Templar x2  
  132  13:06  Archon  
  123  13:27  Adept x4  
  90  13:37  Stalker x2  
  90  13:38  Warp Prism (Chrono Boost)  
  94  13:43  Probe x3  
  94  13:44  Probe  
  98  13:49  High Templar x2  
  98  13:53  Archon  
  98  13:54  Probe  
  102  13:55  Probe  
  102  13:56  Probe x2  
  102  13:58  Immortal (Chrono Boost)  
  110  14:07  Probe  
  111  14:11  Immortal (Chrono Boost), Zealot  
  117  14:28  Adept  
  117  14:29  Adept x3  
  117  14:30  Adept  
  126  14:46  High Templar  
  126  14:49  High Templar  
  130  14:53  Zealot x2, Archon  
  130  14:54  Zealot x2  
  77  15:20  Adept x5  
Tags
 
Add a new tag
Caveats
  • Supply blocks, unpowered buildings, or Contaminate may cause inaccurate times.
  • Supply counts are checked every 10 seconds.